 Dungeon Crawl Stone Soup version 0.29-a0-322-g68df515428 (webtiles) character file.

Game seed: 11350080888969416936

587 greenreed the Vexing (level 7, -2/52 HPs)
             Began as a Gnoll Arcane Marksman on Apr 8, 2022.
             Was a Believer of Kikubaaqudgha.
             Shot with an arrow by a centaur (8 damage)
             ... on level 5 of the Dungeon.
             The game lasted 00:24:23 (4895 turns).

greenreed the Vexing (Gnoll Arcane Marksman)        Turns: 4895, Time: 00:24:23

Health: -2/52      AC:  5    Str:  9    XL:     7   Next: 38%
Magic:  11/12      EV: 14    Int: 14    God:    Kikubaaqudgha [**....]
Gold:   245        SH:  0    Dex: 13    Spells: 5/13 levels left

rFire   . . .      SeeInvis .   a - +0 hand crossbow
rCold   . . .      Faith    .   (no shield)
rNeg    . . .      Spirit   .   b - +0 robe
rPois   .          Reflect  .   l - +1 helmet
rElec   .          Harm     .   (no cloak)
rCorr   .          Rampage  .   q - +0 pair of gloves
Will    +....                   (no boots)
Stlth   ++........              (no amulet)
HPRegen 0.17/turn               B - ring of willpower
MPRegen 0.13/turn               (no ring)

@: no status effects
A: fangs 1, strong nose, distributed training
a: Renounce Religion, Receive Corpses


You were on level 5 of the Dungeon.
You worshipped Kikubaaqudgha.
Kikubaaqudgha was pleased with you.
You visited 1 branch of the dungeon, and saw 5 of its levels.

You collected 245 gold pieces.

Inventory:

Hand Weapons
 a - a +0 hand crossbow (weapon)
Missiles
 f - 4 silver boomerangs
 i - 7 poisoned darts
 k - 4 boomerangs
Armour
 b - a +0 robe (worn)
 l - a +1 helmet (worn)
 q - a +0 pair of gloves (worn)
 A - a +0 helmet
Jewellery
 B - a ring of willpower (left hand)
Wands
 w - a wand of mindburst (15)
Scrolls
 c - 2 scrolls of vulnerability
 e - a scroll of immolation {unknown}
 h - a scroll of teleportation {unknown}
 j - 2 scrolls of blinking {unknown}
 m - a scroll of brand weapon {unknown}
 o - 5 scrolls of fog {unknown}
 r - 3 scrolls of identify {unknown}
 y - a scroll of enchant armour {unknown}
 C - 2 scrolls of fear {unknown}
 E - a scroll of amnesia {unknown}
Potions
 d - 2 potions of cancellation {unknown}
 g - a potion of might {unknown}
 n - a potion of flight {unknown}
 p - a potion of attraction {unknown}
 s - a potion of berserk rage {unknown}
 t - 2 potions of curing {unknown}
 u - 3 potions of ambrosia {unknown}
 v - 2 potions of heal wounds {unknown}
 x - a potion of magic {unknown}
 z - a potion of lignification {unknown}
 D - a potion of mutation {unknown}


   Skills:
 + Level 3.6 Fighting
 + Level 2.4 Short Blades
 + Level 2.4 Long Blades
 + Level 2.4 Axes
 + Level 2.4 Maces & Flails
 + Level 2.4 Polearms
 + Level 2.4 Staves
 + Level 2.4 Slings
 + Level 2.4 Bows
 + Level 5.2 Crossbows
 + Level 2.4 Throwing
 + Level 2.4 Armour
 + Level 5.2 Dodging
 + Level 2.4 Stealth
 + Level 2.4 Shields
 + Level 2.4 Unarmed Combat
 + Level 3.8 Spellcasting
 + Level 2.0 Conjurations
 + Level 5.8 Hexes
 + Level 2.0 Summonings
 + Level 2.0 Necromancy
 + Level 2.0 Translocations
 + Level 2.0 Transmutations
 + Level 2.0 Fire Magic
 + Level 2.0 Ice Magic
 + Level 2.0 Air Magic
 + Level 2.0 Earth Magic
 + Level 2.0 Poison Magic
 + Level 2.7 Invocations
 + Level 2.4 Evocations


You had 5 spell levels left.
You knew the following spells:

 Your Spells              Type           Power      Damage    Failure   Level
a - Slow                  Hex            76%        N/A       1%          1
b - Animate Skeleton      Necr           16%        N/A       9%          1
c - Inner Flame           Hex/Fire       13%        N/A       12%         3
d - Portal Projectile     Hex/Tloc       26%        N/A       12%         3

Your spell library contained the following spells:

 Spells                   Type           Power      Damage    Failure   Level
 Sublimation of Blood     Necr           8%         N/A       13%         2
 Cause Fear               Hex            9%         N/A       19%         4
 Ignite Poison            Fire/Tmut/Pois 8%         N/A       26%         3
 Mephitic Cloud           Conj/Pois/Air  8%         N/A       26%         3
 Stone Arrow              Conj/Erth      16%        3d8       26%         3
 Vampiric Draining        Necr           8%         2d6       26%         3
 Animate Armour           Summ/Erth      16%        N/A       65%         4
 Agony                    Necr           8%         N/A       94%         5
 Freezing Cloud           Conj/Ice/Air   4%         6-21      94%         5
 Conjure Ball Lightning   Conj/Air       4%         3x3d6     100%        6
 Simulacrum               Ice/Necr       4%         N/A       100%        6
 Orb of Destruction       Conj           4%         9d5       100%        7
 Lehudib's Crystal Spear  Conj/Erth      4%         10d3      100%        8
 Polar Vortex             Ice            4%         N/A       100%        9


Dungeon Overview and Level Annotations

Branches:
Dungeon (5/15)
 Temple: D:4-7

Altars:
Kikubaaqudgha
Okawaru
Xom
Zin
The Shining One

Annotations:
D:4 exclusion: phantom


Innate Abilities, Weirdness & Mutations

You have very sharp teeth.
Your uncanny sense of smell can sniff out nearby items.
Your experience applies equally to all skills.


Message History

The centaur closely misses you. The centaur misses you.
Found 6 stones.
The centaur completely misses you. x2
The centaur closely misses you. The centaur barely misses you.
The centaur closely misses you. x2
The centaur attacks as you move away! The centaur hits you.
The centaur kicks you but does no damage.
The centaur misses you. x2
The centaur hits you. The centaur misses you.
The centaur wields a +0 shortbow.
The centaur shoots an arrow.
The arrow hits you.
Casting: Slow (safe; 1% risk of failure)
Confirm with . or Enter, or press ? or * to list all spells.
Aiming: Slow (safe; 1% risk of failure)
Press: ? - help, Shift-Dir - straight line, f - scorpion, p - centaur
Aim: a scorpion (slow, chance to affect: 59%)
The scorpion resists with significant effort.
The centaur shoots an arrow.
The arrow hits you.
The centaur shoots an arrow.
The arrow completely misses you.
Casting: Slow (safe; 1% risk of failure)
Confirm with . or Enter, or press ? or * to list all spells.
Aiming: Slow (safe; 1% risk of failure)
Press: ? - help, Shift-Dir - straight line, f/p - scorpion
Aim: a scorpion (slow, chance to affect: 59%)
The scorpion seems to slow down.
The centaur shoots an arrow.
The arrow misses you.
The scorpion stings you but does no damage.
The centaur shoots an arrow.
The arrow hits you but does no damage.
The centaur shoots an arrow.
The arrow closely misses you.
The centaur shoots an arrow.
The arrow hits you!
* * * LOW HITPOINT WARNING * * *
The centaur shoots an arrow.
The arrow misses you.
There is a stone staircase leading down here.
The centaur shoots an arrow.
The arrow hits you.
* * * LOW HITPOINT WARNING * * *
The centaur shoots an arrow.
The arrow hits you.
* * * LOW HITPOINT WARNING * * *
The centaur shoots an arrow.
The arrow closely misses you.
The centaur shoots an arrow.
The arrow hits you!
You die...
Kikubaaqudgha rasps: "You have failed me!
Welcome... death!"

..............#.#.....
##...!..c....#....... #.
#.......#...s..##....
...###..###>.##.##..#..##.
........###.##......##.###
.##......#...####...###...#
..............###.#..##....
.............###..#..##....
..........@..####..........
...........<..###...#####..
...................# #...
...##...........#..## ##..
...............###.## ##...
....###........# #..# #....
...............###.####..#.
#.............###....##..##
.......[......#...........#


You could see a centaur.

Vanquished Creatures
  A sky beast (D:5)
  A black bear (D:4)
  An ogre (D:4)
  4 iguanas
  Natasha (twice) (D:2)
  4 adders (D:2)
  A white imp (D:5)
  4 worms
  4 dart slugs
  7 orcs
  4 ball pythons
  4 bats
  9 endoplasms
  4 giant cockroaches
  2 goblins
  7 hobgoblins
  3 jackals (D:3)
  4 quokkas
  4 frilled lizards
  4 kobolds
  6 rats
80 creatures vanquished.

Vanquished Creatures (collateral kills)
  Natasha (D:2)
  A bat (D:1)
  An endoplasm (D:1)
3 creatures vanquished.

Grand Total: 83 creatures vanquished

Notes
Turn   | Place    | Note
-------+----------+-------------------------------------------
     0 | D:1      | greenreed the Gnoll Arcane Marksman began the quest for the
                  | Orb.
     0 | D:1      | Reached XP level 1. HP: 17/17 MP: 4/4
   236 | D:1      | Reached XP level 2. HP: 23/23 MP: 3/5
   290 | D:1      | Found a faded altar of an unknown god.
   300 | D:1      | Prayed at the altar of an unknown god.
   300 | D:1      | Became a worshipper of Kikubaaqudgha
   300 | D:1      | Reached * piety under Kikubaaqudgha
   300 | D:1      | Received a gift from Kikubaaqudgha
   304 | D:1      | Learned a level 1 spell: Animate Skeleton
   805 | D:1      | Reached XP level 3. HP: 28/28 MP: 7/7
  1252 | D:2      | Reached skill level 1 in Invocations
  1640 | D:2      | Reached skill level 1 in Short Blades
  1640 | D:2      | Reached skill level 1 in Long Blades
  1640 | D:2      | Reached skill level 1 in Axes
  1640 | D:2      | Reached skill level 1 in Maces & Flails
  1640 | D:2      | Reached skill level 1 in Polearms
  1640 | D:2      | Reached skill level 1 in Staves
  1640 | D:2      | Reached skill level 1 in Slings
  1640 | D:2      | Reached skill level 1 in Bows
  1640 | D:2      | Reached skill level 1 in Throwing
  1640 | D:2      | Reached skill level 1 in Armour
  1640 | D:2      | Reached skill level 1 in Stealth
  1640 | D:2      | Reached skill level 1 in Shields
  1640 | D:2      | Reached skill level 1 in Unarmed Combat
  1640 | D:2      | Reached skill level 1 in Evocations
  1715 | D:2      | Reached ** piety under Kikubaaqudgha
  1716 | D:2      | Reached XP level 4. HP: 26/34 MP: 8/8
  1839 | D:2      | Noticed Natasha
  1847 | D:2      | Killed Natasha
  1944 | D:2      | Reached skill level 1 in Conjurations
  1944 | D:2      | Reached skill level 1 in Summonings
  1944 | D:2      | Reached skill level 1 in Necromancy
  1944 | D:2      | Reached skill level 1 in Translocations
  1944 | D:2      | Reached skill level 1 in Transmutations
  1944 | D:2      | Reached skill level 1 in Fire Magic
  1944 | D:2      | Reached skill level 1 in Ice Magic
  1944 | D:2      | Reached skill level 1 in Air Magic
  1944 | D:2      | Reached skill level 1 in Earth Magic
  1944 | D:2      | Reached skill level 1 in Poison Magic
  2102 | D:2      | Noticed Natasha
  2111 | D:2      | Killed Natasha
  2112 | D:2      | Reached XP level 5. HP: 37/40 MP: 7/9
  2356 | D:2      | Noticed Natasha
  2368 | D:2      | Killed Natasha
  3352 | D:4      | Noticed a phantom
  3446 | D:4      | Reached XP level 6. HP: 34/47 MP: 7/10
  3468 | D:4      | Learned a level 3 spell: Inner Flame
  3472 | D:4      | Learned a level 3 spell: Portal Projectile
  3801 | D:4      | Reached skill level 5 in Crossbows
  3801 | D:4      | Reached skill level 5 in Dodging
  3935 | D:4      | Noticed an angel
  3936 | D:4      | Found a glowing silver altar of Zin.
  3936 | D:4      | Found a shimmering altar of Xom.
  4227 | D:4      | Noticed a black bear
  4300 | D:4      | Killed a black bear
  4301 | D:4      | Reached XP level 7. HP: 52/52 MP: 10/12
  4437 | D:5      | Entered Level 5 of the Dungeon
  4444 | D:5      | Got the Almanac of Arcane Weapons
  4486 | D:5      | Found an iron altar of Okawaru.
  4850 | D:5      | Found a glowing golden altar of the Shining One.
  4895 | D:5      | Shot with an arrow by a centaur

Illustrated notes

Levels and vault maps discovered:
D:1:      dpeg_arrival_another_circle, layout_loops_ring,
          ebering_ecumenical_altar_hall, hangedman_decor_push
D:2:      layout_basic, kennysheep_generic_room_4, uniq_natasha
D:3:      layout_basic
D:4:      layout_basic, grunt_temple_overflow_order_and_chaos_1,
          kennysheep_generic_room_2
D:5:      layout_cave_pools, lemuel_tele_altar, lemuel_doored_altar,
          nicolae_hepliaklqana_ecumenical_no_more,
          minmay_temple_entry_junction_2

Skill      XL: |  1  2  3  4  5  6  7 |
---------------+----------------------+-----
Invocations    | 1 2 |  2.7
Short Blades   | 1 2 |  2.4
Long Blades    | 1 2 |  2.4
Axes           | 1 2 |  2.4
Maces & Flails | 1 2 |  2.4
Polearms       | 1 2 |  2.4
Staves         | 1 2 |  2.4
Slings         | 1 2 |  2.4
Bows           | 1 2 |  2.4
Throwing       | 1 2 |  2.4
Armour         | 1 2 |  2.4
Stealth        | 1 2 |  2.4
Shields        | 1 2 |  2.4
Unarmed Combat | 1 2 |  2.4
Evocations     | 1 2 |  2.4
Spellcasting   | 3 |  3.8
Conjurations   | 1 2 |  2.0
Summonings     | 1 2 |  2.0
Necromancy     | 1 2 |  2.0
Translocations | 1 2 |  2.0
Transmutations | 1 2 |  2.0
Fire Magic     | 1 2 |  2.0
Ice Magic      | 1 2 |  2.0
Air Magic      | 1 2 |  2.0
Earth Magic    | 1 2 |  2.0
Poison Magic   | 1 2 |  2.0
Fighting       | 3 |  3.6
Crossbows      | 5 |  5.2
Dodging        | 5 |  5.2
Hexes          | |  5.8

Action                   |  1- 3 |  4- 6 |  7- 9 || total
-------------------------+-------+-------+-------++-------
 Fire: Hand crossbow     |   118 |   203 |    43 ||   364
 Cast: Slow              |    19 |    12 |     8 ||    39
       Animate Skeleton  |     5 |    18 |       ||    23
Invok: Receive Corpses   |       |     2 |       ||     2
Armor: Robe              |    15 |    27 |     6 ||    48
Dodge: Dodged            |    42 |    84 |    32 ||   158

Table legend: (Time is in decaauts)
 A = Elapsed time spent in this place.
 B = Non-inter-level travel time spent in this place.
 C = Inter-level travel time spent in this place.
 D = Time resting spent in this place.
 E = Time spent auto-exploring this place.
 F = Levels seen in this place.
 G = Mean time per level.
                   A        B        C        D        E       F      G
               +--------+--------+--------+--------+--------+-----+--------+
         Total |   5000 |   4775 |    225 |    367 |   3149 |   5 | 1000.0 |
       Dungeon |   5000 |   4775 |    225 |    367 |   3149 |   5 | 1000.0 |
               +--------+--------+--------+--------+--------+-----+--------+

Top non-repeatable levels by time:
     D:2: 1620 daAuts
     D:4: 1206 daAuts
     D:1: 1013 daAuts
     D:3: 692 daAuts
     D:5: 468 daAuts
